 Dungeon Crawl Stone Soup version 0.17.1-1-g73c8601 (webtiles) character file.

145 shmeve the Shield-Bearer (level 5, -7/42 HPs)
             Began as a Formicid Fighter on Apr 23, 2016.
             Killed by divine providence
             ... invoked by an orc priest
              (12 damage)
             ... on level 3 of the Dungeon.
             The game lasted 00:03:32 (1864 turns).

shmeve the Shield-Bearer (Formicid Fighter)         Turns: 1864, Time: 00:03:32

Health: -7/42      AC:  8    Str: 26    XL:     5   Next: 53%
Magic:  5/5        EV:  9    Int:  8    God:
Gold:   80         SH: 10    Dex: 10    Spells: 0 memorised, 4 levels left

rFire  . . .     SeeInvis +     a - +0 war axe
rCold  . . .     Clarity  .     b - +0 scale mail
rNeg   . . .     SustAt   .     c - +0 shield
rPois  .         Gourm    .     (helmet unavailable)
rElec  .         Spirit   .     (no cloak)
rCorr  .         Warding  .     n - +0 pair of gloves
rMut   .         Stasis   +     (no boots)
MR     .....                    (no amulet)
Stlth  ..........               (no ring)
                                (no ring)

@: mighty, not resistant to hostile enchantments, extremely unstealthy
A: permanent stasis, dig shafts and tunnels, four strong arms, antennae 3
a: Dig, Shaft Self


You were on level 3 of the Dungeon.
You were not hungry.

You visited 1 branch of the dungeon, and saw 3 of its levels.

You collected 80 gold pieces.

Inventory:

Hand Weapons
 a - a +0 war axe (weapon)
Missiles
 h - 22 bolts
Armour
 b - a +0 scale mail (worn)
 c - a +0 shield (worn)
 n - a +0 pair of gloves (worn)
Scrolls
 f - a scroll of amnesia {unknown}
 i - a scroll of enchant weapon {unknown}
 j - 3 scrolls of identify {unknown}
 o - a scroll of random uselessness {unknown}
 p - a scroll of teleportation {unknown}
Potions
 k - a potion of invisibility {unknown}
 m - a potion of lignification {unknown}
Comestibles
 e - 3 bread rations
 g - a meat ration
 l - 6 chunks of flesh


   Skills:
 * Level 4.2 Fighting
 * Level 2.8 Axes
 + Level 3.8 Armour
 + Level 1.3 Dodging
 * Level 4.7 Shields


You had 4 spell levels left.
You didn't know any spells.

Dungeon Overview and Level Annotations

Branches:
Dungeon (3/15)

Altars:


Innate Abilities, Weirdness & Mutations

You are under a permanent stasis effect.
You can dig through walls and to a lower floor.
Your four strong arms can wield two-handed weapons with a shield.
You have a pair of large antennae on your head (SInv).


Message History

Pain shoots through your body!
Unknown command.
Drink which item? (? for menu, Esc to quit)
You feel very mighty all of a sudden.
The orc priest looks braver for a moment.
The orc priest calls down the wrath of Beogh upon you.
Pain shoots through your body!
* * * LOW HITPOINT WARNING * * *
You barely miss the orc priest.
The orc priest is moderately wounded.
The orc priest mumbles some strange prayers to Beogh against you.
Pain shoots through your body!
* * * LOW HITPOINT WARNING * * *
You barely miss the orc priest.
The orc priest is moderately wounded.
The orc priest mumbles some strange prayers to Beogh against you.
You struggle to resist.
The orc priest calls down the wrath of Beogh upon you.
Something smites you!
You die...

......'.†........+
......##.........####.
###.#.#....###.......(
......................
###.#.......##..###..
# #.#.#.##......# # #
#........#..#
#.#.##.(##..###h#.⌠.
.... ........@ooohh..
... .......#.###h#...
.......#.# .......#).
......### ..... ..$.


You could see 2 orc priests, an orc and 4 jackals.

Vanquished Creatures
  Ijyb (D:3)
  A gnoll (D:1)
  6 adders
  A worm (D:2)
  8 goblins
  5 hobgoblins
  7 jackals
  5 bats
  5 giant cockroaches
  A giant newt (D:1)
  7 kobolds
  8 rats
55 creatures vanquished.

Notes
Turn   | Place    | Note
--------------------------------------------------------------
     0 | D:1      | shmeve the Formicid Fighter began the quest for the Orb.
     0 | D:1      | Reached XP level 1. HP: 18/18 MP: 1/1
   226 | D:1      | Reached XP level 2. HP: 22/24 MP: 2/2
   320 | D:1      | Reached skill level 4 in Shields
   320 | D:1      | Reached XP level 3. HP: 18/29 MP: 3/3
  1138 | D:2      | Reached XP level 4. HP: 28/37 MP: 4/4
  1228 | D:2      | Reached skill level 1 in Dodging
  1530 | D:2      | Reached XP level 5. HP: 42/42 MP: 5/5
  1830 | D:3      | Noticed Ijyb
  1837 | D:3      | Killed Ijyb
  1864 | D:3      | Killed from afar by an orc priest

Action                   |  1- 3 |  4- 6 || total
-------------------------+-------+-------++-------
Melee: War axe           |    92 |    66 ||   158
  Use: Potion            |       |     1 ||     1
  Eat: Chunk             |     1 |     2 ||     3
